 Dungeon Crawl Stone Soup version 0.19-a0-76-g295c512 (webtiles) character file.

139829 Duffy the Bludgeoner (level 16, -3/134 HPs)
             Began as a Mummy Fighter on May 12, 2016.
             Was the Champion of Cheibriados.
             Killed from afar by a thorn hunter (20 damage)
             ... with a volley of thorns
             ... on level 3 of the Swamp.
             The game lasted 00:56:52 (40652 turns).

Duffy the Bludgeoner (Mummy Fighter)               Turns: 40652, Time: 00:56:52

Health: -3/134     AC: 29    Str: 39    XL:     16   Next: 74%
Magic:  22/22      EV: 19    Int: 24    God:    Cheibriados [******]
Gold:   2955       SH:  0    Dex: 33    Spells: 1 memorised, 14 levels left

rFire  . . .     SeeInvis .     a - +6 great mace (protect)
rCold  . . .     Gourm    .     c - +3 chain mail {MR+}
rNeg   + + +     Faith    +     (shield currently unavailable)
rPois  ∞         Spirit   .     y - +2 helmet
rElec  .         Dismiss  .     (no cloak)
rCorr  .         Reflect  .     e - +0 pair of gloves
SustAt .         Harm     .     o - +2 pair of boots
MR     +++..                    w - amulet of faith
Stlth  ..........               q - +6 ring of dexterity
                                n - ring of fire

@: about to teleport, studying Armour, very slow, extremely resistant to hostile
enchantments, extremely unstealthy
A: no food or potions, fire vulnerability, cold resistance 1, negative energy
resistance 3, torment resistance, unbreathing, in touch with death 1, restore
body
a: Self-Restoration, Bend Time, Temporal Distortion, Slouch, Step From Time,
Renounce Religion


You were on level 3 of the Swamp.
You worshipped Cheibriados.
Cheibriados was exalted by your worship.
You were not hungry.

You visited 4 branches of the dungeon, and saw 29 of its levels.
You also visited: Labyrinth, Ossuary and Bailey.

You collected 3020 gold pieces.
You spent 65 gold pieces at shops.


Innate Abilities, Weirdness & Mutations

You do not eat or drink.
Your flesh is vulnerable to fire.
You are immune to poison.
Your flesh is cold resistant.
You are immune to negative energy.
You are immune to unholy pain and torment.
You can survive without breathing.
You are in touch with the powers of death.
You can restore your body by infusing magical energy.


   Skills:
 - Level 14.5 Fighting
 + Level 16.8 Maces & Flails
 + Level 13.8 Armour
 - Level 8.0 Dodging
   Level 2.4 Shields
 - Level 9.0 Invocations


You had 14 spell levels left.
You knew the following spells:

 Your Spells              Type           Power        Failure   Level  Hunger
a - Apportation           Tloc           #.........   38%         1    N/A

Inventory:

Hand Weapons
 a - a +6 great mace of protection (weapon)
 b - a +5 blowgun
Missiles
 k - a throwing net (quivered)
 m - 73 poisoned needles
 v - 28 tomahawks
 B - 7 curare-tipped needles
 K - 7 javelins
Armour
 c - a +3 chain mail of magic resistance (worn)
 e - a +0 pair of gloves (worn)
 o - a +2 pair of boots (worn)
 y - a +2 helmet (worn)
Jewellery
 l - an uncursed ring of resist corrosion
 n - a ring of fire (left hand)
 q - a +6 ring of dexterity (right hand)
 w - an amulet of faith (around neck)
 H - a +5 ring of dexterity
 I - an uncursed ring of ice
Wands
 g - a wand of iceblast (6/15)
 j - a wand of heal wounds (5/9)
 s - a wand of iceblast (12/15)
 C - a wand of teleportation (3/9)
 L - a wand of teleportation (2/9)
 M - a wand of lightning (9/15)
Scrolls
 d - 3 scrolls of blinking
 f - a scroll of fear
 h - 2 scrolls of teleportation
 i - 24 scrolls of remove curse
 p - 2 scrolls of recharging
 r - 2 scrolls of vulnerability
 t - a scroll of summoning
 u - 3 scrolls of fog
 x - 3 scrolls of immolation
 z - 2 scrolls of enchant armour
 A - 2 scrolls of magic mapping
 F - a scroll of acquirement
Books
 D - a manual of Armour
Miscellaneous
 E - a fan of gales

Dungeon Overview and Level Annotations

Branches:
Dungeon (15/15)            Temple (0/1) D:7            Lair (8/8) D:8
  Swamp (4/4) Lair:4        Snake (0/4) Lair:6        Slime (0/6) Lair:6
    Orc (2/2) D:12            Elf (0/3) Orc:2        Vaults (0/5) D:14
 Depths (0/5) D:15

Altars:
Cheibriados
Elyvilon
Fedhas
Kikubaaqudgha
Makhleb
Okawaru
Pakellas
Qazlal
Ru
Vehumet
Xom
Yredelemnul
Zin
The Shining One
Beogh
Jiyva

Shops:
Orc:2 *}*(

Portals:
Pandemonium: Orc:2


Message History

The spiny frog barely misses you. The spiny frog closely misses you.
You hit the spiny frog.
The spiny frog is lightly wounded.
The spiny frog stings you but does no damage.
You barely miss the spiny frog.
The spiny frog is lightly wounded.
The spiny frog stings you but does no damage.
You crush the spiny frog like a grape!!!
You kill the spiny frog!
Cheibriados appreciates the change of pace.
A thorn hunter comes into view.
Thorny briars emerge from the ground!
The thorn hunter fires a volley of thorns at you.
The volley of thorns hits you!
You see here an alligator corpse.
You enter the shallow water.
Moving in this stuff is going to be slow.
The thorn hunter hits the briar patch but does no damage.
The thorn hunter hits the briar patch.
The thorn hunter hits the briar patch but does no damage.
The thorn hunter hits the briar patch!
The briar patch is destroyed!
Thorny briars emerge from the ground!
The thorn hunter fires a volley of thorns at you.
The volley of thorns hits you!
A swamp drake comes into view.
The swamp drake breathes noxious fumes at you.
The noxious blast misses you.
The thorn hunter fires a volley of thorns at you.
The volley of thorns hits you!
The thorn hunter fires a volley of thorns at you.
The volley of thorns hits you!
The thorn hunter fires a volley of thorns at you.
The volley of thorns hits you!
The swamp drake breathes noxious fumes at you.
The noxious blast engulfs you!
Found a scroll of identify.
Evoke which item? (* to show all) (? for menu, Esc to quit)
Zapping:
j - a wand of heal wounds (6/9)
Press: ? - help, Shift-Dir - straight line, f - you You feel much better.
This wand has 5 charges left.
The thorn hunter fires a volley of thorns at you.
The volley of thorns hits you!
Evoke which item? (* to show all) (? for menu, Esc to quit)
Zapping:
L - a wand of teleportation (3/9)
Press: ? - help, Shift-Dir - straight line, f - you You feel strangely unstable.
This wand has 2 charges left.
The thorn hunter fires a volley of thorns at you.
The volley of thorns hits you!
You die... 77

~77 7 .. .. 7. ...
77.77...? 7.~......
77........
777777777.@PP##
7777..~~~..%~.PPP#.
7777..~~77..~~~~~PPf....
~.....77777.~~.~kPP.....
~~..777 7.~~7.~PP###..
...77 77..~....# ~ ..77
7.~~....# ~77 7.~.......
~7 77..~~~7...


You could see a thorn hunter and a swamp drake.

Action                   |  1- 3 |  4- 6 |  7- 9 | 10-12 | 13-15 | 16-18 || total
-------------------------+-------+-------+-------+-------+-------+-------++-------
Melee: Whip              |   114 |   289 |   413 |   486 |       |       ||  1302
       Flail             |       |       |    92 |    41 |       |       ||   133
       Dire flail        |       |       |       |   479 |   294 |       ||   773
       Great mace        |       |       |       |       |  1259 |   446 ||  1705
       Scimitar          |       |       |       |       |    30 |       ||    30
Invok: Slouch            |       |       |       |     4 |     7 |     3 ||    14
       Temporal Distorti |       |       |       |       |     1 |       ||     1
Evoke: Wand              |       |       |       |     3 |     8 |     2 ||    13
  Use: Scroll            |       |     7 |     8 |     4 |    30 |     5 ||    54
 Stab: Distracted        |       |       |       |     1 |       |       ||     1
       Confused          |       |       |       |       |       |     2 ||     2
Armor: Scale mail        |    29 |       |       |       |       |       ||    29
       Chain mail        |    15 |   188 |   192 |   151 |   520 |   253 ||  1319
       Plate armour      |       |       |       |   305 |   411 |       ||   716
Dodge: Dodged            |    27 |    66 |   113 |   404 |  1787 |   451 ||  2848
Block: Shield            |    41 |   122 |   257 |   254 |       |       ||   674

Notes
Turn   | Place    | Note
--------------------------------------------------------------
     0 | D:1      | Duffy the Mummy Fighter began the quest for the Orb.
     0 | D:1      | Reached XP level 1. HP: 18/18 MP: 1/1
   189 | D:1      | Reached skill level 2 in Maces & Flails
   272 | D:1      | Reached XP level 2. HP: 24/24 MP: 2/2
   566 | D:1      | Reached XP level 3. HP: 28/29 MP: 3/3
   585 | D:1      | Reached skill level 3 in Maces & Flails
  1229 | D:2      | Reached XP level 4. HP: 11/35 MP: 4/4
  1729 | D:2      | Found a white marble altar of Elyvilon.
  1754 | D:2      | Found an ancient bone altar of Kikubaaqudgha.
  1756 | D:2      | Found an iron altar of Okawaru.
  1913 | D:2      | Reached skill level 4 in Maces & Flails
  2262 | D:3      | Found a snail-covered altar of Cheibriados.
  2275 | D:3      | Became a worshipper of Cheibriados the Contemplative
  2300 | D:3      | Reached XP level 5. HP: 36/41 MP: 5/5
  2640 | D:3      | Noticed Natasha
  2646 | D:3      | Killed Natasha
  2733 | D:3      | Noticed Natasha
  2743 | D:3      | Killed Natasha
  2912 | D:3      | Noticed Terence
  2921 | D:3      | Killed Terence
  2922 | D:3      | Reached * piety under Cheibriados
  3178 | D:3      | Reached skill level 3 in Armour
  3262 | D:3      | Noticed Natasha
  3272 | D:3      | Killed Natasha
  3283 | D:3      | Reached XP level 6. HP: 47/47 MP: 6/6
  3302 | D:3      | Found a glowing golden altar of the Shining One.
  3414 | D:4      | Reached skill level 5 in Maces & Flails
  3691 | D:4      | Found an oddly glowing altar of Pakellas.
  3702 | D:4      | Reached skill level 1 in Invocations
  4012 | D:4      | Reached skill level 2 in Invocations
  4012 | D:4      | Reached XP level 7. HP: 51/52 MP: 8/8
  4186 | D:5      | Entered Level 5 of the Dungeon
  4533 | D:5      | Noticed Duvessa
  4533 | D:5      | Noticed Dowan
  4533 | D:5      | Noticed Pikel
  4561 | D:4      | Killed Pikel
  4561 | D:4      | Reached skill level 5 in Armour
  4561 | D:4      | Reached XP level 8. HP: 53/58 MP: 9/9
  4598 | D:5      | Killed Duvessa
  4606 | D:5      | Killed Dowan
  4606 | D:5      | Reached ** piety under Cheibriados
  4606 | D:5      | Reached skill level 6 in Maces & Flails
  5261 | D:5      | Reached skill level 7 in Maces & Flails
  5486 | D:5      | Noticed Prince Ribbit
  5512 | D:5      | Killed Prince Ribbit
  5512 | D:5      | Reached skill level 4 in Fighting
  5743 | D:6      | Reached XP level 9. HP: 61/66 MP: 10/10
  5918 | D:6      | Reached *** piety under Cheibriados
  5998 | D:6      | Reached skill level 5 in Fighting
  6062 | D:6      | Found a sacrificial altar of Ru.
  6062 | D:6      | Found a stormy altar of Qazlal.
  6165 | D:6      | Reached skill level 8 in Maces & Flails
  6291 | D:6      | Found a basalt altar of Yredelemnul.
  6380 | D:7      | Found a staircase to the Ecumenical Temple.
  6741 | D:7      | Got a shimmering mace
  6742 | D:7      | Identified the cursed +1 mace "Arhaxzo" {flame, MR+ Str+3 Int+7 Dex-4} (You found it on level 7 of the Dungeon)
  7209 | D:7      | Reached **** piety under Cheibriados
  7216 | D:7      | Reached skill level 1 in Dodging
  7513 | D:8      | Found a staircase to the Lair.
  7560 | D:8      | Found a sand-covered staircase.
  7586 | Ossuary  | Entered an ossuary
  7839 | D:8      | Noticed an angel
  7840 | D:8      | Found a shimmering altar of Xom.
  7897 | D:8      | Found a glowing silver altar of Zin.
  7907 | D:8      | Reached skill level 2 in Dodging
  8076 | D:8      | Found a radiant altar of Vehumet.
  8257 | D:8      | Found a blossoming altar of Fedhas.
  8273 | D:8      | Reached ***** piety under Cheibriados
  8533 | D:8      | Reached skill level 3 in Invocations
  8596 | D:8      | Reached skill level 9 in Maces & Flails
  8600 | D:8      | Found a burning altar of Makhleb.
  8812 | D:9      | Found a shimmering altar of Xom.
  8995 | D:9      | Reached XP level 10. HP: 72/76 MP: 12/12
  9250 | D:9      | Reached skill level 4 in Invocations
  9661 | D:10     | Entered Level 10 of the Dungeon
  9661 | D:10     | Noticed Erica
  9681 | D:9      | Killed Erica
  9681 | D:9      | Reached skill level 5 in Invocations
  9847 | D:10     | Reached skill level 10 in Maces & Flails
  9858 | D:10     | Reached skill level 6 in Armour
  9864 | D:10     | Reached skill level 6 in Invocations
 10082 | D:10     | Found a blossoming altar of Fedhas.
 10283 | D:10     | Noticed a gargoyle
 10289 | D:10     | Killed a gargoyle
 10289 | D:10     | Reached skill level 7 in Armour
 10289 | D:10     | Reached skill level 7 in Invocations
 10289 | D:10     | Reached XP level 11. HP: 72/81 MP: 16/16
 10754 | D:10     | Reached ****** piety under Cheibriados
 11056 | D:11     | Noticed Psyche
 11090 | D:10     | Killed an unseen horror
 11270 | D:10     | Killed Psyche
 11486 | D:10     | Reached skill level 8 in Invocations
 11883 | D:11     | Reached skill level 8 in Armour
 12834 | D:12     | Found a roughly hewn altar of Beogh.
 12834 | D:12     | Found a staircase to the Orcish Mines.
 12835 | D:12     | Noticed an orc knight
 12838 | D:12     | Noticed an orc knight
 12839 | D:12     | Noticed a hill giant
 12847 | D:12     | Killed an orc knight
 13186 | D:12     | Killed an orc knight
 13186 | D:12     | Reached skill level 9 in Invocations
 13488 | D:12     | Reached skill level 6 in Fighting
 13514 | D:12     | Reached skill level 9 in Armour
 13643 | D:12     | Killed an unseen horror
 13951 | D:12     | Found a stormy altar of Qazlal.
 14018 | D:12     | Reached XP level 12. HP: 37/89 MP: 18/18
 14288 | D:12     | Reached skill level 7 in Fighting
 14814 | Lair:1   | Entered Level 1 of the Lair of Beasts
 15498 | Lair:1   | Learned a level 1 spell: Apportation
 15712 | Lair:1   | Reached skill level 8 in Fighting
 16308 | Lair:2   | Reached skill level 11 in Maces & Flails
 16349 | Lair:2   | Reached skill level 3 in Dodging
 17041 | Lair:2   | Reached skill level 4 in Dodging
 17607 | Lair:3   | Noticed Urug
 17630 | Lair:3   | Killed Urug
 18175 | Lair:3   | Reached skill level 5 in Dodging
 18664 | Lair:3   | Gained mutation: You are in touch with the powers of death. [Mummy growth]
 18664 | Lair:3   | Gained mutation: You can restore your body by infusing magical energy. [Mummy growth]
 18664 | Lair:3   | Reached XP level 13. HP: 98/98 MP: 19/19
 18683 | Lair:3   | Found a radiant altar of Vehumet.
 18715 | Lair:4   | Found a staircase to the Swamp.
 18848 | Lair:4   | Reached skill level 12 in Maces & Flails
 19598 | Lair:4   | You fall through a shaft for 2 floors!
 19649 | Lair:6   | Found a staircase to the Snake Pit.
 20256 | Lair:7   | Reached skill level 13 in Maces & Flails
 21157 | Lair:5   | Noticed Rupert
 21158 | Lair:5   | Paralysed by Rupert for 3 turns
 21165 | Lair:5   | Paralysed by Rupert for 6 turns
 21620 | Lair:6   | Found a staircase to the Slime Pits.
 21620 | Lair:6   | Found a viscous altar of Jiyva.
 22088 | Lair:6   | Noticed Kirke
 22101 | Lair:6   | Killed Kirke
 22567 | Lair:7   | Reached skill level 10 in Armour
 23558 | Lair:7   | Reached XP level 14. HP: 96/105 MP: 20/20
 23598 | Lair:8   | Entered Level 8 of the Lair of Beasts
 23883 | Lair:8   | Found a labyrinth entrance.
 23903 | Lab      | Entered a labyrinth
 24714 | Lab      | Reached skill level 14 in Maces & Flails
 25084 | Lab      | Reached skill level 6 in Dodging
 25104 | Lab      | Got an ichor-stained ring mail
 25104 | Lab      | Identified Zoinohir's Volume of Creation and Enhancements (You found it in a labyrinth)
 25116 | Lab      | Identified the +1 ring mail of the Amoeba {rPois rC+ Regen+ Str-2} (You found it in a labyrinth)
 25721 | Lair:8   | Reached skill level 7 in Dodging
 26369 | Lair:8   | Noticed Josephine
 26374 | Lair:8   | Killed Josephine
 27628 | D:12     | Reached skill level 8 in Dodging
 27951 | Orc:1    | Entered Level 1 of the Orcish Mines
 27996 | Orc:1    | Found a flagged portal.
 28009 | Bailey   | Entered a bailey
 28890 | Orc:1    | Noticed Fannar
 28897 | Orc:1    | Killed Fannar
 29157 | Orc:2    | Entered Level 2 of the Orcish Mines
 29173 | Orc:1    | Reached skill level 9 in Fighting
 29259 | Orc:2    | Found a staircase to the Elven Halls.
 29504 | Orc:2    | Found Reef's General Store.
 29894 | Orc:2    | Found Gucw's General Store.
 29904 | Orc:2    | Reached skill level 15 in Maces & Flails
 29990 | Orc:2    | Bought a scroll of teleportation for 39 gold pieces
 29990 | Orc:2    | Bought a scroll of identify for 26 gold pieces
 30118 | Orc:2    | Reached XP level 15. HP: 82/115 MP: 21/21
 30243 | Orc:2    | Reached skill level 10 in Fighting
 30949 | Orc:2    | Reached skill level 11 in Fighting
 30967 | Orc:2    | Found Itzar's Antique Weapon Shoppe.
 30967 | Orc:2    | Found Kaatupniu's Gadget Emporium.
 30967 | Orc:2    | Found a one-way gate leading to the halls of Pandemonium.
 32138 | D:13     | Noticed Erolcha
 32142 | D:13     | Killed Erolcha
 32142 | D:13     | Reached skill level 12 in Fighting
 32977 | D:13     | Reached skill level 13 in Fighting
 33459 | D:14     | Noticed Sonja
 33460 | D:14     | Killed Sonja
 34113 | D:14     | Found a gate to the Vaults.
 34483 | D:15     | Entered Level 15 of the Dungeon
 34515 | D:15     | Reached skill level 16 in Maces & Flails
 34520 | D:15     | Reached skill level 11 in Armour
 34865 | D:15     | Reached skill level 14 in Fighting
 35622 | D:15     | Reached XP level 16. HP: 133/133 MP: 22/22
 36046 | D:15     | Found a staircase to the Depths.
 36410 | Lair:5   | Killed Rupert
 37109 | Lair:5   | Reached skill level 12 in Armour
 37905 | Swamp:1  | Entered Level 1 of the Swamp
 39174 | Swamp:2  | Noticed Louise
 39189 | Swamp:2  | Killed Louise
 39189 | Swamp:2  | Reached skill level 13 in Armour
 40554 | Swamp:4  | Entered Level 4 of the Swamp
 40648 | Swamp:3  | Noticed a thorn hunter
 40652 | Swamp:3  | Killed from afar by a thorn hunter

Skill      XL: |  1  2  3  4  5  6  7  8  9 10 11 12 13 14 15 16 |
---------------+-------------------------------------------------+-----
Maces & Flails | 2 3 4 5 7 9 10 11 13 15 16 | 16.8
Armour         | 3 5 7 9 10 11 13 | 13.8
Invocations    | 2 3 7 9 |  9.0
Fighting       | 4 5 6 8 9 14 | 14.5
Dodging        | 2 5 8 |  8.0
Shields        | |  2.4

Vault maps used:
D:1:      dpeg_arrival_three_same_balls
D:2:      kennysheep_six_static_rooms, minitemple, first_bread,
          kennysheep_small_spiral, grunt_ministairs_3, minmay_rat_hole
D:3:      lemuel_doored_altar, serial_glass, glass_columns_a, glass_columns_b,
          tso_altar, uniq_natasha, uniq_terence
D:4:      lemuel_crystal_altar, kennysheep_potato
D:5:      kennysheep_slugbush, uniq_duvessa, uniq_pikel, uniq_prince_ribbit1
D:6:      yredelemnul_forgotten_temple_becter, grunt_temple_overflow_open
D:7:      minmay_temple_entry_overgrown, grunt_ministairs_2
D:8:      grunt_temple_overflow_order_and_chaos_1, kennysheep_mini_moat,
          marbit_many_paths, nicolae_ossuary_entry_ruins, hangedman_tree_tricks,
          minmay_misc_feat_room
D:9:      xom_teletrap_fun
D:10:     wad_floor_pattern_untrapped, kennysheep_small_circle, uniq_erica
D:11:     minmay_ice_pillars, serial_glass, glass_columns_a, glass_columns_b,
          uniq_psyche
D:12:     david_orc_5, grunt_qazlal_sundering
D:13:     minmay_concentric_multi, uniq_erolcha
D:14:     david_vaults_2, hangedman_decor_slide_cut, uniq_sonja
D:15:     gammafunk_enter_depths_forms, serial_bayou_ford_a
Lair:1:   grunt_megastairs_1, infiniplex_staircase_pool_2
Lair:2:   grunt_megastairs_3
Lair:3:   basic_altar, serial_bayou_shore_b, uniq_urug
Lair:4:   swamp_mist, grunt_forest_large_clearing_hut
Lair:5:   special_room, minmay_another_anthill, lemuel_fruit_fields, uniq_rupert
Lair:6:   minmay_snake_entry_six_corridors, slime_altar_1,
          infiniplex_staircase_pool, serial_bayou_shore_b, uniq_kirke
Lair:7:   serial_bayou_shore_b
Lair:8:   grunt_lair_end_beastmaster, lab_entry_generic,
          bh_autumn_forest_stairs, grunt_megastairs_2, uniq_josephine
Swamp:1:  evilmike_swamp_ruin_house_1, swamp_pool1, st_swamp_ruins_2
Swamp:2:  hangedman_swamp_ruin_wall, swamp_pool4, nicolae_swamp_dragon_and_kin,
          uniq_louise, uniq_donald
Swamp:3:  evilmike_swamp_ruin_rubble_2
Swamp:4:  swamp
Orc:1:    enter_bailey_4, uniq_fannar
Orc:2:    pf_orc_diabolical
Lab:      labyrinth_hidden_loot, nicolae_lab_big_swirl
Ossuary:  ossuary_minmay_chase
Bailey:   bailey_polearm_2, bailey

Vanquished Creatures
  Rupert Kirke Louise
  A minotaur Josephine Fannar
  A yaktaur captain
  12 hydras
  A catoblepas Erica Erolcha
  A queen ant
  A ghost crab
  4 alligators
  13 death yaks
  A deep troll shaman
  5 orc high priests
  A tengu warrior Sonja
  A sun demon
  5 spriggans Urug
  A skeletal warrior
  A fire crab (shapeshifter)
  4 unseen horrors
  An infernal demonspawn
  A giant orange brain
  A putrid demonspawn
  A swamp dragon
  11 orc knights
  A flayed ghost Pikel
  7 hill giants
  2 shambling mangroves
  A lindwurm
  2 torturous demonspawn
  A deep elf mage
  2 wolf spider zombies
  A necromancer
  20 ugly things
  A griffon
  8 orc sorcerers
  3 cyclopes
  A hornet
  An elephant (shapeshifter)
  16 elephants Psyche
  9 black mambas
  2 gargoyles
  A rust devil
  2 centaur skeletons
  16 spiny frogs
  An orange demon
  2 yaktaurs
  6 komodo dragons
  4 rime drakes
  6 trolls
  3 harpy zombies
  2 minotaur zombies
  A queen bee
  3 polar bears
  5 two-headed ogres
  16 blink frogs Prince Ribbit
  4 giant leeches
  13 slime creatures
  3 bog bodies
  2 shadows
  A centaur simulacrum
  A wyvern
  65 yaks
  2 hogs
  A water elemental
  2 hungry ghosts
  4 wraiths
  8 basilisks
  A hog (shapeshifter)
  10 vampire mosquitoes
  14 hippogriffs
  A steam dragon
  4 insubstantial wisps
  6 wargs
  6 soldier ants
  A mottled dragon
  10 swamp worms Duvessa
  14 porcupines
  17 water moccasins
  3 sky beasts
  6 swamp drakes
  10 ice beasts
  39 orc warriors
  3 phantoms
  8 wasps
  A slave
  12 ogres
  2 black bears
  19 centaurs
  12 wolves
  3 boggarts
  A necrophage
  12 crocodiles
  A big kobold
  27 giant frogs
  A wyvern zombie Dowan
  2 wyvern skeletons
  3 scorpions
  40 killer bees
  An electric eel
  A wight
  6 howler monkeys
  10 crimson imps
  3 giant frog zombies
  3 centaur zombies
  5 hounds
  6 jellies
  A human zombie
  17 orc wizards
  27 orc priests
  2 giant frog skeletons Terence
  8 iguanas
  Natasha (thrice)
  A worker ant (shapeshifter)
  27 worker ants
  11 sheep
  A hound zombie
  2 hound skeletons
  3 mummies
  2 worker ant zombies
  3 gnolls
  68 river rats
  13 adders
  10 shadow imps
  3 oozes
  3 adder zombies
  An adder skeleton
  3 worms
  13 dart slugs
  9 giant geckos
  75 orcs
  7 ball pythons
  6 bats
  8 giant cockroaches
  15 goblins
  15 hobgoblins
  14 jackals
  9 kobolds
  7 quokkas
  A giant gecko zombie
  10 giant newts
  3 goblin zombies
  3 hobgoblin zombies
  3 kobold zombies
  3 quokka zombies
  27 rats
  3 rat zombies
  A spectral orc
  A briar patch
  A bush
  A butterfly
  24 fungi
  8 plants
1135 creatures vanquished.
